 Dungeon Crawl Stone Soup version 0.26.0-7-g794d0892b4 (webtiles) character file.

Game seed: 4211394992284499971

463 DocSulfur the Vexing (level 7, -1/36 HPs)
             Began as a Kobold Enchanter on Jan 12, 2021.
             Hit by a boomerang thrown by an orc warrior (4 damage)
             ... on level 6 of the Dungeon.
             The game lasted 00:15:04 (6048 turns).

DocSulfur the Vexing (Kobold Enchanter)             Turns: 6048, Time: 00:15:05

Health: -1/36      AC:  6    Str:  6    XL:     7   Next: 29%
Magic:  9/12       EV: 30    Int: 16    God:
Gold:   299        SH:  0    Dex: 17    Spells: 1/13 levels left

rFire    . . .     SeeInvis .   v - +2 rapier (venom)
rCold    . . .     Faith    .   (shield restricted)
rNeg     . . .     Spirit   .   b - +0 robe
rPois    .         Reflect  .   E - +0 helmet
rElec    .         Harm     .   q - +0 cloak
rCorr    .         Rampage  .   C - +0 pair of gloves
Will     .....                  f - +0 pair of boots
Stlth    ++++......             h - amulet of the acrobat
HPRegen  0.12/turn              (no ring)
MPRegen  0.13/turn              (no ring)

@: brilliant, acrobat, very slightly contaminated
A: small, nightstalker 3
a: no special abilities


You were on level 6 of the Dungeon.
You visited 1 branch of the dungeon, and saw 6 of its levels.

You collected 299 gold pieces.

Inventory:

Hand Weapons
 a - a +1 dagger
 r - a cursed -2 short sword
 v - a +2 rapier of venom (weapon)
Missiles
 A - 2 curare-tipped darts
Armour
 b - a +0 robe (worn)
 f - a +0 pair of boots (worn)
 q - a +0 cloak (worn)
 C - a +0 pair of gloves (worn)
 E - a +0 helmet (worn)
Jewellery
 h - an amulet of the acrobat (around neck)
 p - an uncursed amulet of reflection
 x - an uncursed amulet of magic regeneration
Wands
 l - a wand of acid (9)
Scrolls
 c - a scroll of immolation
 d - a scroll of amnesia {unknown}
 e - a scroll of noise {unknown}
 g - a scroll of fear {unknown}
 m - 2 scrolls of remove curse {unknown}
 n - 2 scrolls of teleportation
 t - 2 scrolls of enchant weapon {unknown}
 y - a scroll of identify {unknown}
 D - 2 scrolls of enchant armour {unknown}
Potions
 i - 3 potions of curing {unknown}
 j - 2 potions of brilliance
 k - 2 potions of heal wounds {unknown}
 o - a potion of lignification {unknown}
 s - a potion of cancellation {unknown}
 u - a potion of degeneration {unknown}
 w - 2 potions of flight {unknown}
 z - a potion of resistance {unknown}
 B - 2 potions of invisibility {unknown}


   Skills:
 + Level 4.8 Short Blades
 - Level 2.4 Dodging
 - Level 4.0 Stealth
 + Level 3.7 Spellcasting
 * Level 5.1 Hexes
 + Level 3.0 Ice Magic


You had one spell level left.
You knew the following spells:

 Your Spells              Type           Power        Failure   Level
a - Corona                Hex            32%          2%          1
b - Ensorcelled Hibernat  Hex/Ice        48%          4%          2
c - Confusing Touch       Hex            29%          6%          3
d - Tukima's Dance        Hex            29%          6%          3
e - Dazzling Flash        Conj/Hex       32%          19%         3

Your spell library contained the following spells:

 Spells                   Type           Power        Failure   Level


Dungeon Overview and Level Annotations

Branches:
Dungeon (6/15)
 Temple: D:4-7

Altars:
Elyvilon
Gozag
Hepliaklqana
Kikubaaqudgha
Okawaru
Qazlal
Ru
Trog
Uskayaw
Xom
Yredelemnul
The Shining One

Shops:
D:5 (


Innate Abilities, Weirdness & Mutations

You are small and have problems with some larger weapons.
You are completely attuned to the shadows.


Message History

The orc wizard is moderately wounded.
The orc warrior throws a boomerang.
The boomerang hits you!
The weapon returns to the orc warrior!
The orc wizard barely misses you.
You hit the orc wizard but do no damage.
The orc wizard looks even sicker.
The orc wizard is moderately wounded.
The orc warrior throws a boomerang.
The boomerang hits you!
* * * LOW HITPOINT WARNING * * *
The weapon returns to the orc warrior!
The orc wizard gestures wildly while chanting.
The orc wizard seems to speed up.
You hear a shout!
It was a potion of brilliance.
You feel clever all of a sudden.
The orc wizard casts a spell.
The orc wizard blinks!
The orc warrior throws a boomerang.
The boomerang hits you but does no damage.
The orc warrior throws a boomerang.
The boomerang hits you.
You die...

#........†.
##..........
##...........
###............
##..............
##...............
##...##...........
##...#####.........
##>@.## ###.......
#...#.### ###.....
...#....#### ####..
..#...o....# ###
.#...o......
##.........
#.........
#.........
#.....o...


You could see an orc warrior and an orc wizard (fast, very poisoned).

Vanquished Creatures
  Edmund (D:4)
  A bullfrog zombie (D:6)
  An orc wizard (D:4)
  An iguana (D:5)
  2 worker ants
  A howler monkey skeleton (D:5)
  5 adders
  4 gnolls
  An ooze (D:5)
  6 worms
  5 leopard geckos
  12 orcs
  6 bats
  2 giant cockroaches
  4 hobgoblins
  3 jackals
  5 kobolds
  2 quokkas
  A ball python (D:3)
  4 frilled lizards
  12 goblins
  A quokka skeleton (D:4)
  11 rats
91 creatures vanquished.

Vanquished Creatures (others)
  A scorpion (D:5)
  An orc wizard (D:5)
  A dart slug (D:5)
  A ball python (D:5)
4 creatures vanquished.

Grand Total: 95 creatures vanquished

Notes
Turn   | Place    | Note
-------+----------+-------------------------------------------
     0 | D:1      | DocSulfur the Kobold Enchanter began the quest for the Orb.
     0 | D:1      | Reached XP level 1. HP: 10/10 MP: 3/3
   318 | D:1      | Reached XP level 2. HP: 15/15 MP: 5/5
   600 | D:1      | Learned a level 2 spell: Ensorcelled Hibernation
   857 | D:2      | Found a sacrificial altar of Ru.
   945 | D:2      | Reached XP level 3. HP: 19/19 MP: 0/6
  1305 | D:2      | Learned a level 3 spell: Confusing Touch
  1322 | D:2      | Reached skill level 1 in Ice Magic
  1647 | D:2      | Reached XP level 4. HP: 24/24 MP: 7/7
  1691 | D:2      | Found a glowing golden altar of the Shining One.
  1694 | D:2      | Found an iron altar of Okawaru.
  1700 | D:2      | Found a hide-covered altar of Uskayaw.
  1700 | D:2      | Found a white marble altar of Elyvilon.
  1957 | D:2      | Found a stormy altar of Qazlal.
  2702 | D:3      | Noticed a moth of wrath
  2709 | D:3      | Found a bloodstained altar of Trog.
  2804 | D:3      | Reached XP level 5. HP: 28/28 MP: 9/9
  3718 | D:4      | Found a hazy altar of Hepliaklqana.
  3828 | D:4      | Noticed Edmund
  3843 | D:4      | Killed Edmund
  3844 | D:4      | Reached skill level 4 in Hexes
  3844 | D:4      | Reached XP level 6. HP: 15/32 MP: 6/10
  3874 | D:2      | Found a basalt altar of Yredelemnul.
  4715 | D:4      | Learned a level 3 spell: Tukima's Dance
  4759 | D:4      | Found an opulent altar of Gozag.
  5110 | D:5      | Entered Level 5 of the Dungeon
  5119 | D:5      | Reached XP level 7. HP: 36/36 MP: 12/12
  5123 | D:5      | Learned a level 3 spell: Dazzling Flash
  5240 | D:5      | Found a shimmering altar of Xom.
  5254 | D:5      | Found an ancient bone altar of Kikubaaqudgha.
  5312 | D:5      | Found Olot's Weapon Shop.
  5770 | D:5      | Reached skill level 5 in Hexes
  6048 | D:6      | Hit by a boomerang thrown by an orc warrior

Illustrated notes

Levels and vault maps discovered:
D:1:      evilmike_arrival_hilbert_curve, layout_basic
D:2:      lemuel_upstairs_altar, layout_loops_ring,
          nicolae_ru_sacrificial_ziggurat, lemuel_crystal_altar, minitemple,
          minmay_hexomino_u4
D:3:      layout_basic, tgw_trog
D:4:      layout_basic, nzn_hepliaklqana_mist_gate, grunt_gozag_breadcrumbs,
          uniq_edmund
D:5:      layout_loops_ring, kennysheep_little_box, xom_confusion_cloud,
          serial_shops, shop
D:6:      layout_cave_pods, lemuel_doored_altar, uniq_pikel

Skill      XL: |  1  2  3  4  5  6  7 |
---------------+----------------------+-----
Short Blades   | 2 3 4 |  4.8
Ice Magic      | 1 2 3 |  3.0
Spellcasting   | 3 |  3.7
Hexes          | 4 5 |  5.1
Dodging        | |  2.4
Stealth        | |  4.0

Action                   |  1- 3 |  4- 6 |  7- 9 || total
-------------------------+-------+-------+-------++-------
Melee: Dagger            |    46 |    26 |       ||    72
       Rapier            |       |    57 |    23 ||    80
 Cast: Corona            |     3 |     8 |       ||    11
       Ensorcelled Hiber |    10 |    19 |     1 ||    30
       Confusing Touch   |       |     1 |       ||     1
Evoke: Wand              |     3 |       |       ||     3
  Use: Scroll            |       |     2 |       ||     2
       Potion            |       |       |     1 ||     1
 Stab: Sleeping          |    19 |    32 |     5 ||    56
       Distracted        |       |     2 |       ||     2
Armor: Robe              |     3 |    10 |     5 ||    18
Dodge: Dodged            |    27 |    58 |    20 ||   105
